 Dungeon Crawl Stone Soup version 0.17.1-1-g73c8601 (webtiles) character file.

2058 fallendino the Cleaver (level 9, -7/79 HPs)
             Began as a Minotaur Fighter on Feb 14, 2016.
             Was a Believer of the Shining One.
             Mangled by a yak (9 damage)
             ... on level 7 of the Dungeon.
             The game lasted 00:24:11 (4112 turns).

fallendino the Cleaver (Minotaur Fighter)           Turns: 4112, Time: 00:24:12

Health: -7/79      AC: 10    Str: 24    XL:     9   Next: 5%
Magic:  8/8        EV:  8    Int:  5    God:    the Shining One [**....]
Gold:   393        SH: 11    Dex: 10    Spells: 0 memorised, 8 levels left

rFire  . . .     SeeInvis .     a - +1 war axe
rCold  . . .     Clarity  .     n - +0 chain mail
rNeg   + . .     SustAt   .     c - +0 shield
rPois  .         Gourm    .     (helmet restricted)
rElec  .         Spirit   .     (no cloak)
rCorr  .         Warding  .     (no gloves)
rMut   +         Stasis   .     (no boots)
MR     .....                    w - amulet of resist mutation
Stlth  ..........               (no ring)
                                F - ring of stealth

@: glowing, not resistant to hostile enchantments, extremely unstealthy
A: retaliatory headbutt, horns 2
a: Divine Shield, Renounce Religion


You were on level 7 of the Dungeon.
You worshipped the Shining One.
The Shining One was pleased with you.
You were not hungry.

You visited 1 branch of the dungeon, and saw 7 of its levels.

You collected 393 gold pieces.

Inventory:

Hand Weapons
 a - a +1 war axe (weapon)
 y - a cursed -1 flail
 B - a +0 dagger of speed
 C - a +0 scythe
 E - a +4 quarterstaff of chaos
Missiles
 z - 32 poisoned needles
Armour
 b - a +0 scale mail
 c - a +0 shield (worn)
 n - a +0 chain mail (worn)
 o - a cursed +0 shield
Jewellery
 w - an amulet of resist mutation (around neck)
 F - a ring of stealth (left hand)
Wands
 t - a wand of polymorph (10)
 x - a wand of fire (2)
 D - a wand of random effects (17)
Scrolls
 j - 5 scrolls of identify
 l - 4 scrolls of enchant armour {unknown}
 m - 2 scrolls of remove curse
 p - a scroll of teleportation {unknown}
 q - a scroll of amnesia {unknown}
 J - a scroll of noise {unknown}
Potions
 d - 3 potions of might
 f - 2 potions of haste
 g - 3 potions of curing
 h - 3 potions of ambrosia {unknown}
 k - a potion of brilliance {unknown}
 s - a potion of magic {unknown}
 u - a potion of poison {unknown}
 v - a potion of invisibility {unknown}
 A - a potion of mutation {unknown}
 G - a potion of resistance
 H - a potion of berserk rage {unknown}
 I - a potion of degeneration {unknown}
Books
 i - a book of Conjurations

   Spells                             Type                      Level
   a - Magic Dart                     Conjuration                  1
   b - Searing Ray                    Conjuration                  2
   c - Dazzling Spray                 Conjuration/Hexes            3
   d - Fulminant Prism                Conjuration/Hexes            4
   e - Iskenderun's Mystic Blast      Conjuration                  4
   f - Iskenderun's Battlesphere      Conjuration/Charms           5
 M - an Akashic Record

   Spells                             Type                      Level
   a - Dispersal                      Translocation                6
   b - Malign Gateway                 Summoning/Translocation      7
   c - Disjunction                    Translocation                8
   d - Controlled Blink               Translocation                8
Comestibles
 e - 2 bread rations
 r - 2 meat rations
 K - a beef jerky
 L - 4 fruits


   Skills:
 + Level 7.0 Fighting
 + Level 8.3 Axes
 + Level 8.1 Armour
 + Level 3.1 Dodging
 + Level 0.5 Stealth
 + Level 7.0 Shields


You had 8 spell levels left.
You didn't know any spells.

Dungeon Overview and Level Annotations

Branches:
Dungeon (7/15)
 Temple: D:4-7

Altars:
Cheibriados
Dithmenos
Fedhas
Kikubaaqudgha
Okawaru
Ru
Sif Muna
Vehumet
Xom
Zin
The Shining One

Shops:
D:7 ?


Innate Abilities, Weirdness & Mutations

You reflexively headbutt those who attack you in melee.
You have a pair of horns on your head.


Message History

You block the yak's attack. The yak gores you.
* * * LOW HITPOINT WARNING * * *
The yak gores you.
* * * LOW HITPOINT WARNING * * *
You block the yak's attack.
You hit the yak. You headbutt the yak.
The yak is severely wounded.
You hit the yak.
The yak is severely wounded.
You hit the yak.
The yak is almost dead.
You block the yak's attack. x3
You hit the yak. Your headbutt misses the yak.
The yak is almost dead.
You hit the yak.
The yak is almost dead.
You hit the yak.
The yak is severely wounded.
The yak gores you!
You die...

#... #... ###
#∩.∩.... #
#....#.# .#
∩.∩)#.#####!# ##
#.......... ..
#..YYY.#.# .####
#@##.# .##.. #.#.#
.###.##.## #..##
#....##..##
###.###.##.......#
##.#†# #.# #>...
##.####.###.###
#........#.#
######.#.#.#
#.#.#.#


You could see 3 yaks.

Vanquished Creatures
  The ghost of msp the Spear-Bearer, an amateur MiGl (D:6)
  3 yaks (D:7)
  Edmund (D:5)
  2 black bears
  5 ogres
  A giant frog (D:6)
  4 wights (D:6)
  2 centaur zombies (D:6)
  Crazy Yiuf (D:5)
  An orc priest (D:6)
  2 hounds (D:5)
  A jelly (D:6)
  An orc wizard (D:6)
  3 worker ants (D:6)
  An iguana (D:4)
  4 gnolls
  4 adders
  2 adder skeletons (D:4)
  5 worms
  5 giant geckos
  20 orcs
  2 giant cockroaches
  2 goblins
  9 hobgoblins
  4 jackals (D:2)
  2 quokkas
  8 bats
  9 giant newts
  8 kobolds
  A quokka skeleton (D:4)
  4 rats
  A bush (D:5)
  3 fungi (D:5)
122 creatures vanquished.

Vanquished Creatures (others)
  A giant newt (D:3)
1 creature vanquished.

Grand Total: 123 creatures vanquished

Notes
Turn   | Place    | Note
--------------------------------------------------------------
     0 | D:1      | fallendino the Minotaur Fighter began the quest for the Orb.
     0 | D:1      | Reached XP level 1. HP: 19/19 MP: 0/0
   108 | D:1      | Reached XP level 2. HP: 27/27 MP: 1/1
   505 | D:1      | Reached skill level 4 in Armour
   572 | D:2      | Reached XP level 3. HP: 29/33 MP: 2/2
   867 | D:2      | Found a sacrificial altar of Ru.
   912 | D:2      | Reached XP level 4. HP: 27/40 MP: 3/3
  1104 | D:2      | Found a shimmering altar of Xom.
  1169 | D:2      | Found a faded altar to an unknown god.
  1181 | D:2      | Became a worshipper of the Shining One
  1181 | D:2      | Reached * piety under the Shining One
  1539 | D:4      | Noticed an ogre
  1544 | D:4      | Killed an ogre
  1544 | D:4      | Reached skill level 1 in Dodging
  1544 | D:4      | Reached XP level 5. HP: 29/47 MP: 4/4
  1631 | D:4      | Reached skill level 5 in Armour
  1889 | D:4      | Found an ancient bone altar of Kikubaaqudgha.
  2279 | D:5      | Entered Level 5 of the Dungeon
  2458 | D:5      | Reached XP level 6. HP: 49/53 MP: 5/5
  2576 | D:5      | Noticed Edmund
  2587 | D:5      | Killed Edmund
  2587 | D:5      | Reached skill level 5 in Axes
  2587 | D:5      | Reached skill level 5 in Shields
  2627 | D:5      | Noticed an ogre
  2633 | D:5      | Killed an ogre
  2633 | D:5      | Reached skill level 5 in Fighting
  2725 | D:5      | Reached ** piety under the Shining One
  2786 | D:5      | Found a shadowy altar of Dithmenos.
  2788 | D:5      | Found a blossoming altar of Fedhas.
  2793 | D:5      | Found a snail-covered altar of Cheibriados.
  2796 | D:5      | Found an iron altar of Okawaru.
  2962 | D:5      | Noticed Crazy Yiuf
  2969 | D:5      | Killed Crazy Yiuf
  2969 | D:5      | Reached XP level 7. HP: 41/61 MP: 6/6
  3133 | D:6      | Reached skill level 6 in Axes
  3172 | D:6      | Noticed msp's ghost (amateur MiGl)
  3184 | D:6      | Killed msp's ghost
  3184 | D:6      | Reached XP level 8. HP: 36/70 MP: 7/7
  3593 | D:6      | Reached skill level 7 in Axes
  3873 | D:6      | Found a radiant altar of Vehumet.
  3873 | D:6      | Found a deep blue altar of Sif Muna.
  3947 | D:6      | Found a glowing silver altar of Zin.
  3948 | D:6      | Noticed an angel
  4091 | D:7      | Reached skill level 8 in Axes
  4097 | D:7      | Found Pumeirom's Magic Scroll Shoppe.
  4107 | D:7      | Reached XP level 9. HP: 18/79 MP: 8/8
  4110 | D:7      | HP: 3/79 [yak (5)]
  4112 | D:7      | Mangled by a yak

Action                   |  1- 3 |  4- 6 |  7- 9 || total
-------------------------+-------+-------+-------++-------
Melee: War axe           |    74 |   168 |   101 ||   343
  Use: Scroll            |       |     5 |     2 ||     7
       Potion            |       |       |     3 ||     3
  Eat: Meat ration       |       |     1 |       ||     1
       Bread ration      |       |       |     2 ||     2
